 Dungeon Crawl Stone Soup version 0.23.1 (webtiles) character file.

Game seed: 1863597061623940003

149 Irenicus the Slasher (level 5, 0/45 HPs)
             Began as a Minotaur Monk on Mar 11, 2019.
             Slain by an iguana (3 damage)
             ... on level 3 of the Dungeon.
             The game lasted 00:06:05 (969 turns).

Irenicus the Slasher (Minotaur Monk)                 Turns: 969, Time: 00:06:06

Health: 0/45       AC:  6    Str: 16    XL:     5   Next: 9%
Magic:  4/4        EV: 13    Int:  7    God:
Gold:   71         SH:  0    Dex: 13    Spells: 4/4 levels left

rFire    x . .     SeeInvis .   a - +0 falchion
rCold    + + .     Gourm    .   (no shield)
rNeg     . . .     Faith    .   g - +2 leather armour {rC+}
rPois    .         Spirit   .   (helmet restricted)
rElec    .         Reflect  .   j - +0 cloak
rCorr    .         Harm     .   (no gloves)
MR       .....                  (no boots)
Stlth    ++........             (no amulet)
HPRegen  0.15/turn              k - ring of ice {rC+, rF-}
MPRegen  0.09/turn              (no ring)

@: no status effects
A: retaliatory headbutt, horns 2
a: no special abilities


You were on level 3 of the Dungeon.
You were not hungry.

You visited 1 branch of the dungeon, and saw 4 of its levels.

You collected 71 gold pieces.

Inventory:

Hand Weapons
 a - a +0 falchion (weapon)
Armour
 g - a +2 leather armour of cold resistance (worn)
   (You found it on level 2 of the Dungeon)
 j - a +0 cloak (worn)
   (You took it off Crazy Yiuf on level 2 of the Dungeon)
Jewellery
 k - a ring of ice (left hand) {rC+, rF-}
   (You found it on level 3 of the Dungeon)
Scrolls
 b - a scroll of amnesia {unknown}
 d - 5 scrolls of identify {unknown}
 e - 2 scrolls of magic mapping {unknown}
 h - a scroll of teleportation {unknown}
 i - 4 scrolls of fog {unknown}
 l - 2 scrolls of remove curse {unknown}
Comestibles
 c - 3 rations


   Skills:
 - Level 3.6 Fighting
 + Level 7.0 Long Blades
 - Level 3.2 Dodging
 - Level 1.5 Stealth


You had 4 spell levels left.
You didn't know any spells.
Your spell library was empty.

Dungeon Overview and Level Annotations

Branches:
Dungeon (4/15)
 Temple: D:4-7

Altars:
Dithmenos

Annotations:
D:4 Sigmund


Innate Abilities, Weirdness & Mutations

You reflexively headbutt those who attack you in melee.
You have a pair of horns on your head.


Message History

You open the door.
There is an open door here.
There is an open door here.
The worker ant zombie waves its antennae.
You see here a scroll labeled OCUIRU ICYHE.
d - 5 scrolls labeled OCUIRU ICYHE (gained 1)
You see here a scroll labeled OCROCRY NIOJE.
l - a scroll labeled OCROCRY NIOJE The worker ant zombie misses you.
The worker ant zombie bites you but does no damage.
You see here a scroll labeled QIOL HAL ASOTRY.
i - 4 scrolls labeled QIOL HAL ASOTRY (gained 1)
You hit the worker ant zombie. You headbutt the worker ant zombie!
The worker ant zombie bites you.
You take 3 damage, and have 25/39 hp.
You hit the worker ant zombie. You headbutt the worker ant zombie!
The worker ant zombie closely misses you.
You hit the worker ant zombie.
You headbutt the worker ant zombie, but do no damage.
The worker ant zombie misses you.
You riposte.
You hit the worker ant zombie.
You destroy the worker ant zombie!
Your Long Blades skill increases to level 7!
You have reached level 5!
You regained 4 hp, and now have 29/45 hp.
MP restored: 4 You open the door.
There is an open door here.
There is a stone staircase leading down here.
You climb downwards.
You hear the sound of rushing water.
There is an entrance to a sewer on this level.
Hurry and find it before the portal rusts away!
An adder skeleton comes into view.
Found a scroll labeled OCROCRY NIOJE.
Found a stone staircase leading down.
There is a stone staircase leading up here.
Found a shadowy altar of Dithmenos.
An iguana comes into view.
You see here a scroll labeled OCROCRY NIOJE.
l - 2 scrolls labeled OCROCRY NIOJE (gained 1) Sigmund the Dreaded comes into view.
He is wielding a +0 scythe.
The iguana hisses angrily.
Sigmund gestures at you while chanting. The magic dart hits you.
You take 5 damage, and have 36/45 hp.
You hit the adder skeleton.
Your headbutt misses the adder skeleton.
The adder skeleton barely misses you.
You riposte.
You barely miss the adder skeleton.
Sigmund points at you and mumbles some strange words.
The puff of flame hits you!
You take 9 damage, and have 27/45 hp.
Sigmund gestures wildly while chanting.
Sigmund flickers and vanishes!
Deactivating autopickup; reactivate with Ctrl-A.
The iguana closely misses you.
You closely miss the iguana. The adder skeleton closely misses you.
The iguana bites you!
You take 9 damage, and have 18/45 hp.
It was a potion of magic.
Magic courses through your body. The adder skeleton closely misses you.
You riposte.
You barely miss the adder skeleton. The adder skeleton closely misses you.
You furiously retaliate!
You headbutt the adder skeleton.
You riposte.
You hit the adder skeleton.
The iguana bites you but does no damage.
You hit the adder skeleton. The adder skeleton barely misses you.
You riposte.
You hit the adder skeleton.
You destroy the adder skeleton!
You aren't carrying any items that you can evoke.
You aren't carrying any potions.
Put on which piece of jewellery? (? for menu, Esc to quit)
You feel more attuned to ice.
k - a ring of ice (left hand)
Something hits you!
* * * LOW HITPOINT WARNING * * *
The iguana barely misses you. You furiously retaliate!
You headbutt the iguana.
You take 7 damage, and have 11/45 hp.
Unknown command.
There is a stone staircase leading up here.
The iguana bites you.
* * * LOW HITPOINT WARNING * * *
You climb upwards.
Reactivating autopickup.
There is a stone staircase leading down here.
You take 4 damage, and have 8/45 hp.
You hit the iguana.
You headbutt the iguana, but do no damage.
The iguana barely misses you.
You aren't carrying any potions.
Okay, then.
You hit the iguana. Your headbutt misses the iguana.
The iguana closely misses you.
You riposte.
You closely miss the iguana.
You headbutt the iguana, but do no damage.
You hit the iguana.
You headbutt the iguana, but do no damage.
The iguana bites you.
* * * LOW HITPOINT WARNING * * *
You take 5 damage, and have 3/45 hp.
You closely miss the iguana.
You headbutt the iguana, but do no damage.
The iguana bites you.
You die...

####.###...####.# #.#
#..##...# #.# #.#
##.##...# #.# #.#
#####..#...####.###.##
............##...##..#
######.....##.....##.#
##.#......♣.[)'.#
#.#..###...#####
#..#.# #..@# ##.#.#
#.l.# #...# #...#
##..###...#####
#......♣...'.#
#..##.....##.#
##..##...###.#
##..##.## #.#
#####..#.####.######


You could see an iguana.

Vanquished Creatures
  An orc wizard (D:3)
  Crazy Yiuf (D:2)
  A worker ant zombie (D:3)
  3 adders (D:2)
  An ooze (D:1)
  An adder skeleton (D:4)
  A worm (D:2)
  A dart slug (D:1)
  3 orcs (D:3)
  2 ball pythons (D:1)
  A giant cockroach (D:1)
  4 goblins
  A hobgoblin (D:1)
  6 jackals
  5 kobolds
  A quokka (D:2)
  7 bats
  2 frilled lizards
  A rat (D:1)
43 creatures vanquished.

Notes
Turn   | Place    | Note
-------+----------+-------------------------------------------
     0 | D:1      | Irenicus the Minotaur Monk began the quest for the Orb.
     0 | D:1      | Reached XP level 1. HP: 19/19 MP: 0/0
    47 | D:1      | Reached skill level 4 in Long Blades
   103 | D:1      | Reached XP level 2. HP: 7/26 MP: 1/1
   103 | D:1      | HP: 6/26 [ball python (1)]
   140 | D:1      | HP: 6/26 [ooze (2)]
   202 | D:1      | Reached skill level 5 in Long Blades
   309 | D:2      | Reached XP level 3. HP: 18/31 MP: 2/2
   590 | D:2      | Found a runed translucent door.
   591 | D:2      | Noticed Crazy Yiuf
   603 | D:2      | Killed Crazy Yiuf
   603 | D:2      | Reached skill level 6 in Long Blades
   603 | D:2      | Reached XP level 4. HP: 39/39 MP: 3/3
   865 | D:3      | Reached skill level 7 in Long Blades
   865 | D:3      | Reached XP level 5. HP: 29/45 MP: 4/4
   945 | D:4      | Found a shadowy altar of Dithmenos.
   948 | D:4      | Noticed Sigmund
   955 | D:4      | HP: 11/45 [something (7)]
   963 | D:4      | HP: 8/45 [iguana (5)]
   968 | D:3      | HP: 3/45 [iguana (5)]
   969 | D:3      | Slain by an iguana

Skill      XL: |  1  2  3  4 |
---------------+-------------+-----
Long Blades    | 4 5 6 7 |  7.0
Fighting       | |  3.6
Dodging        | |  3.2
Stealth        | |  1.5

Action                   |  1- 3 |  4- 6 || total
-------------------------+-------+-------++-------
Melee: Falchion          |    57 |    33 ||    90
       Headbutt          |    11 |    14 ||    25
  Use: Potion            |     1 |     1 ||     2
Armor: Leather armour    |    25 |     7 ||    32
       Robe              |     1 |       ||     1
Dodge: Dodged            |    53 |    21 ||    74
       Rpst.: Falchion   |     8 |    10 ||    18

Levels and vault maps discovered:
D:1:      beargit_arrival_greenhouse, layout_loops_cross, chequers_avenue
D:2:      layout_loops_cross, roderic_lattice_a, mrwooster_statue_mirror,
          minmay_hedge_maze, okawaru_ov_weapons_minmay, uniq_crazy_yiuf_cottage,
          uniq_natasha
D:3:      minmay_diamond_boxcup, layout_basic, nicolae_ru_sacrificial_ziggurat,
          first_ration, grunt_ministairs_15, kennysheep_path_1,
          kennysheep_generic_room_9
D:4:      corexii_shantytown, layout_loops_ring, cheibriados_altar_1,
          portal_sewer_entry_f, chequers_arboretum,
          nicolae_dithmenos_shadow_blocks, uniq_sigmund, uniq_grinder

Table legend:
 A = Turns spent in this place as a percentage of turns spent in the entire game.
 B = Non-inter-level travel turns spent in this place as a percentage of non-inter-level travel turns spent in the entire game.
 C = Inter-level travel turns spent in this place as a percentage of turns spent in this place.
 D = Turns resting spent in this place as a percentage of non-inter-level travel turns spent in this place.
 E = Turns spent auto-exploring this place as a percentage of non-inter-level travel turns spent in this place.
 F = Non-inter-level travel turns spent in this place divided by the number of levels of this place that you've seen.
                   A       B       C       D       E      F
               +-------+-------+-------+-------+-------+----------------------
         Total | 100.0 | 100.0 |   0.0 |   0.0 |   0.0 | 242.2
       Dungeon | 100.0 | 100.0 |   0.0 |   0.0 |   0.0 | 242.2
               +-------+-------+-------+-------+-------+----------------------

Table legend:
 A = Kills in this place as a percentage of kills in entire the game.
 B = Kills by you in this place as a percentage of kills by you in the entire game.
 C = Kills by friends in this place as a percentage of kills by friends in the entire game.
 D = Other kills in this place as a percentage of other kills in the entire game.
 E = Experience gained in this place as a percentage of experience gained in the entire game.
 F = Experience gained in this place divided by the number of levels of this place that you have seen.
                   A       B       C       D       E      F
               +-------+-------+-------+-------+-------+----------------------
         Total | 100.0 | 100.0 |   N/A |   N/A | 100.0 |  53.5
       Dungeon | 100.0 | 100.0 |   N/A |   N/A | 100.0 |  53.5
               +-------+-------+-------+-------+-------+----------------------
